Cogmind - Beta 13 @@@ ROGUE MODE // 2024.04.06 @ 20:05:38 Player: Bean Result: Destroyed by H-55 Commando with Assault Rifle Performance ------------- Evolutions (2) 1000 Regions Visited (7) 1400 Robots Destroyed (19) 95 Value Destroyed (424) 424 Prototype IDs (2) 40 Alien Tech Used (0) 0 Bonus (900) 900 TOTAL SCORE: 3859 Bonus ------- Pacifist 200 Entered Garrisons 200 Used RIF Installer 500 Cogmind --------- Core Integrity 0/550 Matter 264/300 Energy 98/100 System Corruption 8% Temperature Cool (0) Movement Core (50) Location -8/Garrison Parts ------- > --- POWER (1) -------- (None) > --- PROPULSION (2) --- (None) > --- UTILITY (6) ------ (None) > --- WEAPON (2) ------- (None) > --- INVENTORY (5) ---- (None) Peak State ------------ > --- POWER ------------ (None) > --- PROPULSION ------- Compact Wheel > --- UTILITY ---------- Small Storage Unit Advanced Visual Processing Unit > --- WEAPON ----------- Guided Missile Launcher > --- INVENTORY -------- Improved EM Shotgun Grenade Launcher [Rating: 15] Favorites ----------- Power Ion Engine Engine Ion Engine Propulsion Compact Wheel Wheel Compact Wheel Utility Small Storage Unit Storage Small Storage Unit Processor Advanced Visual Processing Unit Weapon Medium Laser Energy Gun Medium Laser Ballistic Gun Light Assault Rifle Launcher Grenade Launcher Build | -11 -10 -10 -9 -9 -8 -8 -8 ------- Run | Yrd Mat Min Mat Min Mat Sto Gar Slots Evolved 4 | . . . 2 . 2 . . Power . | . . . . . . . . Propulsion . | . . . . . . . . Utility 4 | . . . 2 . 2 . . Weapon . | . . . . . . . . Parts Attached 13 | 6 . . 3 . 1 3 . Power 1 | 1 . . . . . . . Engine 1 | 1 . . . . . . . Core . | . . . . . . . . Reactor . | . . . . . . . . Propulsion 3 | 2 . . 1 . . . . Treads . | . . . . . . . . Leg . | . . . . . . . . Wheel 3 | 2 . . 1 . . . . Hover . | . . . . . . . . Flight . | . . . . . . . . Utility 2 | 1 . . . . 1 . . Device . | . . . . . . . . Storage 1 | 1 . . . . . . . Processor 1 | . . . . . 1 . . Hackware . | . . . . . . . . Protection . | . . . . . . . . Artifact . | . . . . . . . . Weapon 7 | 2 . . 2 . . 3 . Energy Gun 3 | 1 . . 1 . . 1 . Energy Cannon . | . . . . . . . . Ballistic Gun 2 | 1 . . 1 . . . . Ballistic Cannon . | . . . . . . . . Launcher 2 | . . . . . . 2 . Special Weapon . | . . . . . . . . Impact Weapon . | . . . . . . . . Slashing Weapon . | . . . . . . . . Piercing Weapon . | . . . . . . . . Special Melee Weapon . | . . . . . . . . Unidentified Prototypes 2 | . . . 1 . . 1 . Parts Lost 9 | . . . . . 2 6 1 Power 1 | . . . . . 1 . . Propulsion 2 | . . . . . 1 1 . Utility 2 | . . . . . . 1 1 Weapon 4 | . . . . . . 4 . Highest Loss Streak 6 | . . . . . 2 6 1 To Critical Strikes 1 | . . . . . . 1 . Average Slot Usage (%) 53 | . 85 85 66 66 55 34 5 Engine 7 | . 14 14 11 11 7 . . Wheel 15 | . 28 28 22 22 13 6 . Storage 10 | . 14 14 11 11 9 9 5 Processor 3 | . . . . . 8 7 . Energy Gun 8 | . 14 14 11 11 9 5 . Ballistic Gun 8 | . 14 14 11 11 9 5 . Naked Turns 26 | . . . . . . . 26 Heaviest Build 13 | 13 13 13 13 13 13 8 5 Greatest Support 32 | 26 26 26 32 32 32 16 3 Greatest Overweight (x) 2 | . . . . . . 2 1 Average Overweight (x) . | . . . . . . . . Largest Inventory Capacity 8 | 8 8 8 8 8 8 8 8 Average Capacity 7 | 6 8 8 8 8 8 8 6 Most Carried 5 | 5 1 1 3 2 3 4 . Average Carried 1 | . . 1 1 2 2 2 . Final Capacity 8 | 8 8 8 8 8 8 8 5 Final Carried 2 | . 1 1 2 2 2 . . Class Distribution -------------------- 100% | Mutant Dominant Class ---------------- Mutant | -10/Materials Mutant | -10/Mines Mutant | -9/Materials Mutant | -9/Mines Mutant | -8/Materials Mutant | -8/Storage Mutant | -8/Garrison Resources | -11 -10 -10 -9 -9 -8 -8 -8 ----------- Run | Yrd Mat Min Mat Min Mat Sto Gar Matter Collected 348 | 226 . 34 . 36 17 35 . Remotely . | . . . . . . . . Salvage Created 342 | . . 1 . 69 93 179 . Parts 23 | . . . . 3 8 12 . Haulers Intercepted 1 | . . . . . . 1 . Recyclers Shooed 2 | . . . . . 2 . . Parts Field Recycled . | . . . . . . . . Retrieved Matter . | . . . . . . . . Parts Self-Destructed . | . . . . . . . . Prevented . | . . . . . . . . Kills | -11 -10 -10 -9 -9 -8 -8 -8 ------- Run | Yrd Mat Min Mat Min Mat Sto Gar Combat Hostiles Destroyed 15 | . . 1 . 4 5 5 . Guns 9 | . . 1 . 4 4 . . AOE 5 | . . . . . . 5 . Classes Destroyed 8 | . . 1 . 1 1 5 . Worker 1 | . . . . . . 1 . Builder 2 | . . . . . . 2 . Hauler 1 | . . . . . . 1 . Watcher 1 | . . . . . . 1 . Swarmer 8 | . . . . 4 4 . . Grunt 3 | . . . . . . 3 . Hunter 3 | . . . . . 1 2 . Assembled 1 | . . 1 . . . . . Best Kill Streak 10 | . . 1 . 4 4 10 . Combat Bots Only 5 | . . 1 . 4 4 5 . Max Kills in Single Turn 2 | . . 1 . 2 2 2 . Gunslinging 1 | . . . . 1 1 . . Exploded 2 | . . . . . . 2 . Melee . | . . . . . . . . Uniques/NPCs Destroyed . | . . . . . . . . Combat | -11 -10 -10 -9 -9 -8 -8 -8 -------- Run | Yrd Mat Min Mat Min Mat Sto Gar Hostile Shots Fired 134 | . 2 . . 19 23 58 32 Missed 30 | . 1 . . 5 4 13 7 Damage Taken 1266 | . 11 . . 105 190 736 224 Core 591 | . 10 . . 29 29 324 199 Absorbed by Shields . | . . . . . . . . Core Remaining (%) 96 | 100 . 96 . 92 . . . Volleys Fired 29 | . 1 2 . 5 15 6 . Largest 2 | . 2 2 . 2 2 1 . Hottest 70 | . 70 70 . 70 70 39 . Shots Fired 52 | . 2 4 . 10 30 6 . Gun 46 | . 2 4 . 10 30 . . Cannon . | . . . . . . . . Launcher 6 | . . . . . . 6 . Special . | . . . . . . . . Kinetic 23 | . 1 2 . 5 15 . . Thermal 23 | . 1 2 . 5 15 . . Explosive 6 | . . . . . . 6 . Electromagnetic . | . . . . . . . . Robot Hit Streak 8 | . 2 2 . 3 7 8 . Robot Miss Streak 4 | . . 1 . 4 4 . . Penetration Max . | . . . . . . . . Secondary Targets 3 | . . . . 2 1 . . Max Gunslinging Chain 1 | . . . . 1 1 . . Shots Hit Robots 27 | . 2 2 . 4 17 2 . Core Hits 30 | . 1 1 . 5 9 14 . Critical Kills . | . . . . . . . . Critical Parts Destroyed . | . . . . . . . . Critical Strikes 6 | . . . . 1 5 . . Burn 6 | . . . . 1 5 . . Melee Attacks . | . . . . . . . . Impact . | . . . . . . . . Slashing . | . . . . . . . . Piercing . | . . . . . . . . Sneak Attacks . | . . . . . . . . Combat Hostiles . | . . . . . . . . Follow-up Attacks . | . . . . . . . . Damage Inflicted 1312 | . 26 20 . 62 177 1027 . Guns 282 | . 23 20 . 62 177 . . Cannons . | . . . . . . . . Explosions 1027 | . . . . . . 1027 . Melee . | . . . . . . . . Ramming 3 | . 3 . . . . . . Kinetic 106 | . 10 8 . 25 63 . . Thermal 176 | . 13 12 . 37 114 . . Explosive 1027 | . . . . . . 1027 . Electromagnetic . | . . . . . . . . Impact . | . . . . . . . . Slashing . | . . . . . . . . Piercing . | . . . . . . . . Highest Corruption 8 | . . . . . . 8 8 Average Corruption 6 | . . . . . . 4 8 Corruption Purged . | . . . . . . . . Corruption Blocked . | . . . . . . . . Effects 3 | . . . . . . 2 1 Message Errors 3 | . . . . . . 2 1 Overload Shots . | . . . . . . . . Overflow Damage 69 | . . . . . . 69 . Projectiles . | . . . . . . . . Explosions 69 | . . . . . . 69 . Melee . | . . . . . . . . Knockbacks . | . . . . . . . . Impact . | . . . . . . . . Kinetic . | . . . . . . . . Secondary . | . . . . . . . . Self-Inflicted Damage 17 | . 1 . . . . 16 . Shots 1 | . . . . . . 1 . Rammed 2 | . 1 . . . . 1 . Targets Rammed 2 | . 1 . . . . 1 . Kicked . | . . . . . . . . Crushed . | . . . . . . . . Highest Temperature 40 | . 30 40 . 28 36 11 . Average Temperature 14 | . 18 23 . 14 13 7 . Received Heat Transfer 267 | . 6 . . . . 261 . Siege Activations . | . . . . . . . . Robots Corrupted . | . . . . . . . . Combat Hostiles . | . . . . . . . . Parts Fried . | . . . . . . . . Impact Corruptions . | . . . . . . . . Robots Melted 1 | . . . . . 1 . . Combat Hostiles 1 | . . . . . 1 . . Parts Melted . | . . . . . . . . Heat Transferred 962 | . 37 37 . 185 703 . . Parts Sabotaged . | . . . . . . . . Parts Stolen . | . . . . . . . . Parts Stripped . | . . . . . . . . Power Chain Reactions . | . . . . . . . . Alert | -11 -10 -10 -9 -9 -8 -8 -8 ------- Run | Yrd Mat Min Mat Min Mat Sto Gar Peak Influence 240 | . 36 13 4 106 155 240 141 Initial 136 | . . 13 4 1 40 65 136 Average 65 | . 6 13 4 84 88 120 134 Maximum Alert Level 1 | . . . . . . 1 . Low Security (%) 95 | 100 100 100 100 100 100 70 100 Level 1 4 | . . . . . . 29 . Level 2 . | . . . . . . . . Level 3 . | . . . . . . . . Level 4 . | . . . . . . . . Level 5 . | . . . . . . . . High Security . | . . . . . . . . Max Security . | . . . . . . . . Squads Dispatched 2 | . 1 . . . . 1 . Investigation . | . . . . . . . . Extermination . | . . . . . . . . Reinforcement 1 | . 1 . . . . . . Assault . | . . . . . . . . Garrison 1 | . . . . . . 1 . Intercept . | . . . . . . . . Searches Triggered . | . . . . . . . . Construction Impeded . | . . . . . . . . Haulers Reinforced . | . . . . . . . . Active Scanning Responses . | . . . . . . . . Cargo Convoy Interrupts . | . . . . . . . . Stealth | -11 -10 -10 -9 -9 -8 -8 -8 --------- Run | Yrd Mat Min Mat Min Mat Sto Gar Distress Signals 1 | . . . . . . 1 . Communications Jammed . | . . . . . . . . Distress Signals . | . . . . . . . . Times Spotted 29 | . 2 1 . 4 6 12 4 Peak Tracking Total 8 | . 1 1 . 4 4 8 3 Tactical Retreats 1 | . . . . . . . 1 Traps | -11 -10 -10 -9 -9 -8 -8 -8 ------- Run | Yrd Mat Min Mat Min Mat Sto Gar Traps Triggered 2 | . . . . . . 2 . Indirectly . | . . . . . . . . Trap Hack Attempts . | . . . . . . . . Triggered . | . . . . . . . . Disarmed . | . . . . . . . . Reprogrammed . | . . . . . . . . Reused . | . . . . . . . . Traps Extracted . | . . . . . . . . Installed . | . . . . . . . . Triggered . | . . . . . . . . Machines | -11 -10 -10 -9 -9 -8 -8 -8 ---------- Run | Yrd Mat Min Mat Min Mat Sto Gar Machines Disabled . | . . . . . . . . Max in Single Turn . | . . . . . . . . Machines Repaired . | . . . . . . . . Machines Dismantled . | . . . . . . . . Machines Sabotaged . | . . . . . . . . Overloaded Fab Kills . | . . . . . . . . Hacking | -11 -10 -10 -9 -9 -8 -8 -8 --------- Run | Yrd Mat Min Mat Min Mat Sto Gar Machines Accessed 4 | . 1 . . . . 3 . Terminals 3 | . 1 . . . . 2 . Fabricators . | . . . . . . . . Repair Stations . | . . . . . . . . Recycling Units . | . . . . . . . . Scanalyzers . | . . . . . . . . Garrison Access 1 | . . . . . . 1 . Total Hacks 6 | . 1 . . . . 5 . Successful 5 | . 1 . . . . 4 . Failed 1 | . . . . . . 1 . Catastrophic . | . . . . . . . . Database Lockouts . | . . . . . . . . Manual 3 | . 1 . . . . 2 . Terminals 5 | . 1 . . . . 4 . Fabricators . | . . . . . . . . Repair Stations . | . . . . . . . . Recycling Units . | . . . . . . . . Scanalyzers . | . . . . . . . . Garrison Access 1 | . . . . . . 1 . Terminal Hacks 1 | . . . . . . 1 . Open Door 1 | . . . . . . 1 . Fabricator Hacks . | . . . . . . . . Repair Station Hacks . | . . . . . . . . Recycling Unit Hacks . | . . . . . . . . Scanalyzer . | . . . . . . . . Garrison Access Hacks 1 | . . . . . . 1 . Unlock Access 1 | . . . . . . 1 . Unauthorized Hacks 3 | . 1 . . . . 2 . Terminals 3 | . 1 . . . . 2 . Assimilate 2 | . 1 . . . . 1 . Botnet 1 | . . . . . . 1 . Fabricators . | . . . . . . . . Repair Stations . | . . . . . . . . Recycling Units . | . . . . . . . . Scanalyzers . | . . . . . . . . Garrison Access . | . . . . . . . . Data Cores Recovered . | . . . . . . . . Used . | . . . . . . . . Hacking Detections 1 | . . . . . . 1 . Full Trace Events . | . . . . . . . . Feedback Events . | . . . . . . . . Feedback Blocked . | . . . . . . . . Robot Schematics Acquired . | . . . . . . . . Robots Built . | . . . . . . . . Authchips . | . . . . . . . . Time . | . . . . . . . . Total Robot Build Rating . | . . . . . . . . Part Schematics Acquired . | . . . . . . . . Parts Built . | . . . . . . . . Authchips . | . . . . . . . . Time . | . . . . . . . . Total Part Build Rating . | . . . . . . . . Parts Repaired . | . . . . . . . . Time . | . . . . . . . . Parts Recycled . | . . . . . . . . Recycled Matter . | . . . . . . . . Retrieved Matter . | . . . . . . . . Retrieved Components . | . . . . . . . . Parts Scanalyzed . | . . . . . . . . Part Schematics Acquired . | . . . . . . . . Parts Damaged . | . . . . . . . . Bothacking | -11 -10 -10 -9 -9 -8 -8 -8 ------------ Run | Yrd Mat Min Mat Min Mat Sto Gar Used RIF Installer 1 | . . . . . . . 1 Robots Hacked . | . . . . . . . . Non-combat . | . . . . . . . . Combat . | . . . . . . . . Robot Hacks Applied . | . . . . . . . . Relay Couplers Released . | . . . . . . . . Fabnet Peak Effective % . | . . . . . . . . Robots Rewired . | . . . . . . . . Allies Hacked . | . . . . . . . . Hacks Repelled . | . . . . . . . . Allies | -11 -10 -10 -9 -9 -8 -8 -8 -------- Run | Yrd Mat Min Mat Min Mat Sto Gar Total Allies 1 | . . . . . . 1 . Largest Group 1 | . . . . . . 1 . Highest-Rated Group 10 | . . . . . . 10 . Highest-Rated Ally 10 | . . . . . . 10 . Total Orders . | . . . . . . . . Ally Attacks . | . . . . . . . . Total Damage . | . . . . . . . . Kills . | . . . . . . . . Allies Corrupted . | . . . . . . . . Allies Melted . | . . . . . . . . Intel | -11 -10 -10 -9 -9 -8 -8 -8 ------- Run | Yrd Mat Min Mat Min Mat Sto Gar Robot Analysis Total . | . . . . . . . . Derelict Logs Recovered 2 | . . 2 . . . . . Drone Launches . | . . . . . . . . Drone Recoveries . | . . . . . . . . Exploration | -11 -10 -10 -9 -9 -8 -8 -8 ------------- Run | Yrd Mat Min Mat Min Mat Sto Gar Turns Passed 463 | 42 58 59 37 37 86 79 65 Spaces Moved 386 | 39 59 51 32 23 32 59 91 Core 117 | 11 . . . . . 15 91 Treads . | . . . . . . . . Legs . | . . . . . . . . Wheels 269 | 28 59 51 32 23 32 44 . Hover . | . . . . . . . . Flight . | . . . . . . . . Fastest Speed 50 | 50 90 90 90 100 100 100 50 Average Speed 88 | 78 90 90 95 100 100 104 71 Slowest Speed 150 | 90 90 90 100 100 100 150 100 Overloaded Moves . | . . . . . . . . Propulsion Burnouts . | . . . . . . . . Robots Hopped . | . . . . . . . . Cave-ins Triggered 1 | . . . . . . 1 . Exploration Rate (%) 11 | 3 13 25 4 6 4 17 18 Regions Visited 7 Branch Regions 3 Pre-discovered Areas . | . . . . . . . . Known Exits Taken 2 | . . . . 1 . 1 . Unknown Exits Taken 5 | 1 1 1 1 . 1 . . Scrap Searched . | . . . . . . . . Spaces Dug . | . . . . . . . . Terrain Destroyed 35 | . . . . . . 35 . Melee . | . . . . . . . . Projectile . | . . . . . . . . AOE 35 | . . . . . . 35 . Terrain Rammed . | . . . . . . . . Walls Destroyed . | . . . . . . . . Machines Disabled . | . . . . . . . . Actions | -11 -10 -10 -9 -9 -8 -8 -8 --------- Run | Yrd Mat Min Mat Min Mat Sto Gar Total 459 | 50 61 60 39 28 59 71 91 Wait 21 | . . 8 . 1 11 1 . Move 379 | 38 58 50 31 22 31 58 91 Hop . | . . . . . . . . Pick Up 11 | 6 1 . 2 . 1 1 . Fast Attach . | . . . . . . . . Attach 12 | 6 . . 2 . 1 3 . Detach 2 | . . . 2 . . . . Swap 1 | . . . 1 . . . . Drop 2 | . . . 1 . . 1 . Fire 29 | . 1 2 . 5 15 6 . Melee . | . . . . . . . . Ram 2 | . 1 . . . . 1 . Kick . | . . . . . . . . Crush . | . . . . . . . . Escape Stasis . | . . . . . . . . Rewire . | . . . . . . . . Trap . | . . . . . . . . Miscellaneous . | . . . . . . . . Route ------- -11/Scrapyard -10/Materials -10/Mines -9/Materials (discovered 2 exits: Mat / [*Min]) -9/Mines -8/Materials -8/Storage -8/Garrison History --------- Turn | Location | Event 7 | -11/Scrapyard | Discovered new exit (range 16) 43 | -11/Scrapyard | Entered Materials 97 | -10/Materials | Discovered new exit (range 4) 101 | -10/Materials | Entered Mines 102 | -10/Mines | Assembled infested the area 107 | -10/Mines | Assisted by a Guerilla fighting off Assembled 127 | -10/Mines | Learned Materials terminal intel 132 | -10/Mines | Learned location of 1 exit from Materials 151 | -10/Mines | Discovered new exit (range 11) 160 | -10/Mines | Entered Materials 160 | -9/Materials | Evolved 2 slots: Utility x2 160 | -9/Materials | Discovered new exit (range 14) 161 | -9/Materials | Identified exit to Materials 162 | -9/Materials | Loaded intel: 12 terminal locations 197 | -9/Materials | Entered Mines 220 | -9/Mines | Discovered exit to Materials (range 8) 234 | -9/Mines | Entered Materials 234 | -8/Materials | Evolved 2 slots: Utility x2 246 | -8/Materials | Discovered new exit (range 18) 303 | -8/Materials | Build established: Mutant 320 | -8/Materials | Entered Storage 327 | -8/Storage | Found Prototype Launcher 366 | -8/Storage | Identified Gui. Missile Launcher 367 | -8/Storage | Garrison activated, responded to threat 389 | -8/Storage | Crushed by falling debris 396 | -8/Storage | Core integrity fell below 50% 397 | -8/Storage | Identified exit to Garrison 399 | -8/Storage | Entered Garrison 417 | -8/Garrison | Installed Relay Interface Framework 420 | -8/Garrison | Lost 6 parts (1n1u4w) 428 | -8/Garrison | Triggered checkpoint 438 | -8/Garrison | Core integrity fell below 20% 464 | -8/Garrison | Destroyed by H-55 Commando with Assault Rifle Last Messages --------------- K-01 Serf collects debris. WFOL 2G>Unlock Access door unlocked. EXIT=UNLOCKED: GARRISON Connecting with Garrison Access... K-01 Serf collects debris. LOCATION=GARRISON GOAL=ESCAPE Initiating installation procedure... Relay Interface Framework installed. With RIF installed, you can review your current list of abilities via the new button at the top-right of the HUD, or Spacebar+i. Beams of light sweep through the air. An alarm sounds. FB &ABT>B&YZ/ICVQ,QN9 Sml. Storage Unit destroyed. Penetrated by Slug. Map ----- +----------------------------------------------------+ | ?????????????????????????????????????????????????? | | ?????????????????????????????????????????????????? | | ?????????????????????????????????????????????????? | | ?????????????????????????????????????????????????? | | ?????????????????????????????????????????????????? | | ?????????????????????????????????????????????????? | | ?????????????????????????????????????????????????? | | ?????????????????????????????????????????????????? | | ?????????????????????????????????????????????????? | | ?????????????????????????????????????????????????? | | ?????????????????????????????????????????????????? | | ??????????????????????#####??????????????????????? | | ??????????????????????# ??????????????????????? | | ?????????????????????? ??????????????????????? | | ?????????????????????? ????????? ????????????? | | ??????????????????????# #???????? ????????????? | | ??????????????????????# ##??? ## #???????????? | | ??????????????????????" ?? "???????????? | | ??????????????????????" ??? ????????????? | | ??????????????????????" ?? ?????????????? | | ??????????????????????" ?? ???????????????? | | ??????????????????????# #? #??? #???????????? | | ??????????????????????# ## ## ###?????????? | | ??????????????????????# ????????? | | ??????????????????????# h????????? | | ??????????????????????# @ #???????????? | | ??????????????????????## ##""""##???????????????? | | ???????????????????????# #??????????????????????? | | ???????????????????????# #??????????????????????? | | ???????????????????????# #??????????????????????? | | ???????????????????????# #??????????????????????? | | ???????????????????????# #??????????????????????? | | ???????????????????????# #??????????????????????? | | ??###################### #??????????????????????? | | ??# #??????????????????????? | | ??# #??????????????????????? | | ??# ####+#################??????????????????????? | | ??# #???????????????????????????????????????????? | | ??# #???????????????????????????????????????????? | | ??# #???????????????????????????????????????????? | | ??# #???????????????????????????????????????????? | | ??# #???????????????????????????????????????????? | | ??# #???????????????????????????????????????????? | | ??# #???????????????????????????????????????????? | | ??# ###?????????????????????????????????????????? | | ??# #?????????????????????????????????????????? | | ??# #?????????????????????????????????????????? | | ??# #?????????????????????????????????????????? | | ??# ###?????????????????????????????????????????? | | ??# #???????????????????????????????????????????? | +----------------------------------------------------+ Best States ------------- Heat Dissipation 31 Energy Generation 10 Energy Capacity 250 Matter Stores 300 Matter Capacity 300 Sight Range 20 Terrain Scan Density 10 Evasion (%) 50 Item Schematics ----------------- None Robot Schematics ------------------ None Fabricated ------------ Nothing Alien Tech Used ----------------- None Achievements -------------- It's Just You Challenges ------------ None Game ------ Seed SkeletonDerelictMapper Manual? 0 Play Time 00:08:50 Cumulative 8.1 hours Start 2024.04.06 @ 19:55:49 End 2024.04.06 @ 20:05:38 Sessions 1 Manual Loads 0 Difficulty Rogue Special Mode None Game No. 19 Rogue 19 Adventurer 0 Explorer 0 Win Type - Total 0 Types 0/0/0/0/0/0/0/0/0 Lore% 16 Gallery% 18 Achievement% 17 Wizard Run 0 Options --------- Layout 1 ASCII 0 Keyboard 0 Movement Numpad Keybinds 0 Fullscreen 1 Font 32/SmallcapsGlow Map View 50x35 Zoom Use 0% Tactical HUD 0 Map Filters NONE Filters NONE Steam 1 RUN: 1d264c98-c41b-443b-a426-f45d65e13487